 Dungeon Crawl Stone Soup version 0.28.0-43-g3370ac3207 (webtiles) character file.

Game seed: 12341752201787477307

3571 adizb the Fighter (level 9, -1/74 HPs)
             Began as a Demonspawn Monk on Mar 10, 2022.
             Was a Believer of Wu Jian.
             Killed from afar by an orc wizard (8 damage)
             ... with a puff of flame
             ... on level 8 of the Dungeon.
             The game lasted 00:41:26 (6123 turns).

adizb the Fighter (Demonspawn Monk)                 Turns: 6123, Time: 00:41:26

Health: -1/74      AC: 13    Str: 15    XL:     9   Next: 84%
Magic:  9/9        EV: 13    Int: 11    God:    Wu Jian [**....]
Gold:   149        SH:  0    Dex: 20    Spells: 8/8 levels left

rFire   . . .      SeeInvis .   x - +8 short sword "Jellybane" {spect, rElec Will+}
rCold   . . .      Faith    .   (no shield)
rNeg    . . .      Spirit   .   E - +1 scale mail "Cusuk" {Dex+3}
rPois   +          Reflect  .   j - +0 hat
rElec   +          Harm     .   (cloak unavailable)
rCorr   +          Rampage  .   e - +0 pair of gloves
Will    +....                   k - +0 pair of boots
Stlth   +.........              (no amulet)
HPRegen 0.22/turn               b - ring of resist corrosion
MPRegen 0.11/turn               y - ring of poison resistance

@: no status effects
A: molten scales 1, spiny 1, demonic magic 1, weakness stinger 3
a: Renounce Religion, Wall Jump


You were on level 8 of the Dungeon.
You worshipped Wu Jian.
Wu Jian was pleased with you.
You visited 2 branches of the dungeon, and saw 9 of its levels.

You collected 302 gold pieces.
You spent 153 gold pieces at shops.

Inventory:

Hand Weapons
 i - a +0 dagger of venom
 x - the +8 short sword "Jellybane" (weapon) {spect, rElec Will+}
   (You found it on level 4 of the Dungeon)

   When its wielder attacks, the weapon's spirit leaps out and strikes again.
   The spirit shares a part of any damage it takes with its wielder.
   rElec:     It insulates you from electricity.
   Will:      It increases your willpower.
Missiles
 m - 36 poisoned darts (quivered)
 o - 2 javelins
Armour
 e - a +0 pair of gloves (worn)
 h - a +0 pair of boots
 j - a +0 hat (worn)
 k - a +0 pair of boots (worn)
 z - a +1 leather armour of fire resistance
 E - the +1 scale mail "Cusuk" (worn) {Dex+3}
   (You bought it in a shop on level 5 of the Dungeon)

   Dex:       It affects your dexterity (+3).
Jewellery
 b - a ring of resist corrosion (left hand)
 y - a ring of poison resistance (right hand)
Wands
 a - a wand of flame (28)
 r - a wand of mindburst (11)
Scrolls
 d - a scroll of blinking {unknown}
 n - a scroll of enchant weapon {unknown}
 p - 2 scrolls of fog
 s - a scroll of brand weapon {unknown}
 u - a scroll of magic mapping {unknown}
 v - a scroll of amnesia {unknown}
 w - 3 scrolls of teleportation
 D - 2 scrolls of silence
Potions
 c - 4 potions of might
 f - 2 potions of invisibility {unknown}
 g - 2 potions of flight {unknown}
 l - 3 potions of heal wounds {unknown}
 q - a potion of cancellation {unknown}
 t - a potion of brilliance {unknown}
 A - 3 potions of mutation {unknown}
 B - 3 potions of haste {unknown}
 F - a potion of lignification {unknown}


   Skills:
 * Level 8.1 Fighting
 + Level 5.9 Short Blades
 - Level 2.6 Maces & Flails
 * Level 6.7 Armour
 + Level 6.7 Dodging
 - Level 1.7 Stealth


You had 8 spell levels left.
You didn't know any spells.
Your spell library contained the following spells:

 Spells                   Type           Power      Damage    Failure   Level
 Magic Dart               Conj           0%         1d3       75%         1
 Call Imp                 Summ           0%         N/A       87%         2
 Mephitic Cloud           Conj/Pois/Air  0%         N/A       98%         3


Dungeon Overview and Level Annotations

Branches:
Dungeon (8/15)             Temple (1/1) D:5
   Lair: D:8-11

Altars:
Ashenzari
Cheibriados
Dithmenos
Elyvilon
Fedhas
Gozag
Hepliaklqana
Kikubaaqudgha
Makhleb
Nemelex Xobeh
Okawaru
Qazlal
Ru
Sif Muna
Trog
Uskayaw
Vehumet
Wu Jian
Xom
Yredelemnul
Zin
The Shining One

Shops:
D:5 [[

Annotations:
D:6 5 runed translucent doors


Innate Abilities, Weirdness & Mutations

You are partially covered in molten scales. (AC +2)
You are partially covered in sharp spines.
Spells you cast may paralyse adjacent enemies.
You have a sharp stinger which inflicts weakening toxins.


Message History

The magic dart hits your +8 short sword "Jellybane" {spect, rElec Will+}!
Your spectral weapon shares its damage with you!
* * * LOW HITPOINT WARNING * * *
The black bear bites your +8 short sword "Jellybane" {spect, rElec Will+}.
Your spectral weapon shares its damage with you!
* * * LOW HITPOINT WARNING * * *
The black bear barely misses your +8 short sword "Jellybane" {spect, rElec Will+}.
The black bear misses your +8 short sword "Jellybane" {spect, rElec Will+}.
You see here a +0 short sword.
You hit the black bear.
The black bear is heavily wounded.
Your +8 short sword "Jellybane" {spect, rElec Will+} closely misses the black bear.
The black bear bites you!
* * * LOW HITPOINT WARNING * * *
The black bear closely misses you. The black bear barely misses you.
Okay, then.
You see here a +0 dagger.
You feel better.
The black bear is struck by your spines.
The black bear bites you but does no damage.
The black bear claws you but does no damage. x2
Aiming: Wall Jump
Press: ? - help, Dir - move target The black bear goes berserk!
You hear a howl!
You spin and attack the black bear.
You puncture the black bear!
The black bear is almost dead.
Your +8 short sword "Jellybane" {spect, rElec Will+} hits the black bear!
You kill the black bear!
The Council accepts your kill. Something hits you but does no damage.
You hear some strange, mumbled words.
A puff of flame appears from out of thin air!
The puff of flame hits you!
* * * LOW HITPOINT WARNING * * *
A howler monkey comes into view.
You hear some strange, mumbled words.
A puff of flame appears from out of thin air!
The puff of flame hits you!
You die...

########........#
#........+ .!
#........# ..
.##........# .#
..##........# .##
#..##........#
..##...##........#
.....$# #........#
.....# ###...##@#
..#######..).....#
....#>[..[.#).{###
.†..).†....#)).#
.)..#).)...#.).#
....#......#.).#
..######.......#
..... #.......#
...o..##...........


There were no monsters in sight!

Vanquished Creatures
  A hornet (D:8)
  Grinder (D:6)
  Sigmund (D:5)
  A wyvern (D:8)
  2 steam dragons (D:8)
  A water moccasin (D:7)
  3 black bears
  3 ogres
  A necrophage (D:7)
  3 centaurs
  3 phantoms
  4 kobold brigands
  5 bullfrogs
  2 scorpions (D:5)
  A wyvern skeleton (D:5)
  2 howler monkeys
  A wight (D:8)
  An electric eel (D:7)
  2 hounds
  A jelly (D:3)
  An orc priest (D:6)
  A centaur zombie (D:6)
  Crazy Yiuf (D:7)
  4 iguanas
  A killer bee zombie (D:8)
  A howler monkey zombie (D:8)
  6 gnolls
  4 adders
  A howler monkey skeleton (D:5)
  3 white imps
  An ufetubus (D:7)
  An adder skeleton (D:4)
  A worm (D:2)
  2 dart slugs
  6 orcs
  8 endoplasms
  8 giant cockroaches
  8 goblins
  8 hobgoblins
  2 jackals (D:1)
  3 quokkas
  5 ball pythons
  A bat (D:3)
  2 frilled lizards (D:3)
  23 kobolds
  4 rats
145 creatures vanquished.

Vanquished Creatures (others)
  An orc wizard (D:8)
  5 plants (D:5)
6 creatures vanquished.

Grand Total: 151 creatures vanquished

Notes
Turn   | Place    | Note
-------+----------+-------------------------------------------
     0 | D:1      | adizb the Demonspawn Monk began the quest for the Orb.
     0 | D:1      | Reached XP level 1. HP: 18/18 MP: 1/1
   201 | D:1      | Gained mutation: You have a small tail. [demonic ancestry]
   201 | D:1      | Reached XP level 2. HP: 20/24 MP: 2/2
   493 | D:1      | Reached skill level 1 in Armour
   704 | D:2      | Gained mutation: You are partially covered in sharp spines.
                  | [demonic ancestry]
   704 | D:2      | Reached XP level 3. HP: 18/29 MP: 3/3
  1187 | D:2      | Gained mutation: You are partially covered in molten
                  | scales. (AC +2) [demonic ancestry]
  1187 | D:2      | Reached XP level 4. HP: 35/37 MP: 4/4
  1496 | D:3      | Reached skill level 4 in Fighting
  1496 | D:3      | Reached XP level 5. HP: 32/42 MP: 5/5
  1498 | D:3      | Found a basalt altar of Yredelemnul.
  1615 | D:3      | Found a hide-covered altar of Uskayaw.
  1636 | D:3      | Found an ancient bone altar of Kikubaaqudgha.
  1748 | D:3      | Found a blossoming altar of Fedhas.
  1865 | D:3      | Found a faded altar of an unknown god.
  2159 | D:4      | Identified the +8 short sword "Jellybane" {spect, rElec
                  | Will+}
  2207 | D:4      | Reached skill level 1 in Short Blades
  2207 | D:4      | Gained mutation: You have a tail ending in a sharp stinger.
                  | [demonic ancestry]
  2207 | D:4      | Reached XP level 6. HP: 29/49 MP: 6/6
  2855 | D:4      | Reached skill level 5 in Fighting
  2855 | D:4      | Gained mutation: You have a sharp stinger which inflicts
                  | weakening toxins. [demonic ancestry]
  2855 | D:4      | Reached XP level 7. HP: 56/56 MP: 7/7
  2951 | D:4      | Found an opulent altar of Gozag.
  2964 | D:5      | Entered Level 5 of the Dungeon
  3363 | D:5      | Found a staircase to the Ecumenical Temple.
  3372 | Temple   | Entered the Ecumenical Temple
  3632 | Temple   | Became a worshipper of the Wu Jian Council
  3632 | Temple   | Reached * piety under Wu Jian
  3632 | Temple   | Reached ** piety under Wu Jian
  3782 | D:5      | Found Qupsuikk's Armour Shop.
  3799 | D:5      | Reached skill level 5 in Dodging
  3802 | D:5      | Reached XP level 8. HP: 28/63 MP: 8/8
  3879 | D:5      | Noticed Sigmund
  3996 | D:5      | Killed Sigmund
  4032 | D:5      | Found Osutuos's Antique Armour Shop.
  4258 | D:6      | Found a shimmering blue altar of Sif Muna.
  4259 | D:6      | Noticed Grinder
  4273 | D:6      | Killed Grinder
  4278 | D:6      | Reached skill level 6 in Fighting
  4328 | D:6      | Reached skill level 5 in Short Blades
  4461 | D:6      | Reached skill level 5 in Armour
  4609 | D:6      | Found the +9 staff of Olgreb {rPois∞}
  4621 | D:6      | Found a runed translucent gate.
  4621 | D:6      | Found a runed translucent gate.
  4622 | D:6      | Found a runed translucent door.
  4736 | D:6      | Found a runed translucent gate.
  4745 | D:6      | Found a runed translucent door.
  5158 | D:7      | Found a runed translucent door.
  5159 | D:7      | Noticed Crazy Yiuf
  5166 | D:7      | Killed Crazy Yiuf
  5357 | D:5      | Bought a brightly glowing scale mail for 153 gold pieces
  5357 | D:5      | Identified the +1 scale mail "Cusuk" {Dex+3} (You bought it
                  | in a shop on level 5 of the Dungeon)
  5518 | D:7      | Gained mutation: Spells you cast may paralyse adjacent
                  | enemies. [demonic ancestry]
  5518 | D:7      | Reached XP level 9. HP: 60/71 MP: 9/9
  5647 | D:7      | Found a shadowy altar of Dithmenos.
  5803 | D:7      | Reached skill level 7 in Fighting
  6113 | D:8      | Reached skill level 8 in Fighting
  6123 | D:8      | Killed from afar by an orc wizard

Illustrated notes

Levels and vault maps discovered:
D:1:      lightli_arrival_windingriver, layout_loops_ring
D:2:      layout_basic, serial_park_tiny_2
D:3:      layout_loops_ring, yredelemnul_altar_generic, fedhas_altar_fruit_tree,
          mainiacjoe_overflow_swirl, shapermc_ecumenical_altar_flowoftime
D:4:      cheibrodos_thug_alley, layout_loops_corners,
          mainiacjoe_overflow_alcove_4
D:5:      layout_basic, mainiacjoe_overflow_paths,
          minmay_temple_entry_gardened_gates, serial_shops,
          kennysheep_mini_moat, shop, solitary_fountain, uniq_sigmund
D:6:      nicolae_cairo_tiling, layout_loops_ring,
          mainiacjoe_overflow_small_starburst, hangedman_abyss_or_decor_stagger,
          minmay_guarded_unrand_staff_of_olgreb, uniq_grinder
D:7:      layout_loops_corners, nicolae_overflow_hidden_temple,
          kennysheep_opposing_triangles, uniq_crazy_yiuf_cottage
D:8:      minmay_four_partial_circles, layout_basic, serial_shops, shop
Temple:   dpeg_chambers_temple

Skill      XL: |  1  2  3  4  5  6  7  8  9 |
---------------+----------------------------+-----
Dodging        | 3 4 5 6 |  6.7
Armour         | 1 2 3 4 5 6 |  6.7
Fighting       | 4 5 6 8 |  8.1
Short Blades   | 1 2 4 5 |  5.9
Maces & Flails | |  2.6
Stealth        | |  1.7

Action                   |  1- 3 |  4- 6 |  7- 9 || total
-------------------------+-------+-------+-------++-------
Melee: Mace              |   104 |     5 |       ||   109
       Tailslap          |     9 |     8 |    19 ||    36
       Punch             |     2 |     3 |     1 ||     6
       Dagger            |       |    37 |       ||    37
       Short sword       |       |    40 |   129 ||   169
Invok: Whirlwind         |       |       |    41 ||    41
       Lunge             |       |       |     6 ||     6
 Abil: Wall Jump         |       |       |    13 ||    13
  Use: Potion            |     2 |       |     2 ||     4
       Scroll            |     2 |     1 |     5 ||     8
 Stab: Sleeping          |     3 |     3 |     2 ||     8
       Distracted        |       |       |     5 ||     5
Armor: Robe              |    19 |       |       ||    19
       Ring mail         |     3 |    19 |       ||    22
       Leather armour    |       |     3 |    15 ||    18
       Scale mail        |       |       |    28 ||    28
Dodge: Dodged            |    70 |    36 |    64 ||   170
